 Dungeon Crawl Stone Soup version 0.30.2 (webtiles) character file.

Game seed: 8823495131062911866

62 Ashen the Trooper (level 4, -2/45 HPs)
             Began as an Ogre Warper on Jan 22, 2024.
             Slain by Terence
             ... wielding a +0 falchion
              (5 damage)
             ... on level 2 of the Dungeon.
             The game lasted 00:02:59 (2077 turns).

Ashen the Trooper (Ogre Warper)                     Turns: 2077, Time: 00:02:59

Health: -2/45      AC:  3    Str: 15    XL:     4   Next: 8%
Magic:  0/8        EV: 10    Int: 16    God:
Gold:   141        SH:  0    Dex:  8    Spells: 2/9 levels left

rFire   . . .        a - +0 mace
rCold   . . .        (no shield)
rNeg    . . .        b - +0 robe
rPois   .            (helmet restricted)
rElec   .            (no cloak)
rCorr   .            (gloves unavailable)
SInv    .            (boots unavailable)
Will    .....        (no amulet)
Stlth   +            (no ring)
HPRegen 0.27/turn    (no ring)
MPRegen 0.11/turn

%: no passive effects
@: no status effects
A: large, unfitting armour, tough skin 1
a: no special abilities


You were on level 2 of the Dungeon.
You visited 1 branch of the dungeon, and saw 2 of its levels.

You collected 141 gold pieces.

Inventory:

Hand Weapons
 a - a +0 mace (weapon)
Missiles
 d - 7 boomerangs of dispersal (quivered)
Armour
 b - a +0 robe (worn)
Jewellery
 l - a ring of positive energy
Scrolls
 c - 2 scrolls of blinking
 e - a scroll of teleportation {unknown}
 f - 4 scrolls of identify {unknown}
 g - a scroll of torment {unknown}
 o - a scroll of enchant weapon {unknown}
 p - a scroll of immolation {unknown}
Potions
 h - a potion of might {unknown}
 i - a potion of lignification {unknown}
 j - a potion of berserk rage {unknown}
 k - 2 potions of haste {unknown}
 m - 2 potions of brilliance {unknown}
 n - 4 potions of heal wounds {unknown}
 q - a potion of mutation {unknown}


   Skills:
 + Level 3.4 Fighting
 + Level 2.2 Maces & Flails
 - Level 1.0 Throwing
 + Level 2.5 Dodging
 + Level 3.0 Spellcasting
 + Level 3.1 Translocations


You had 2 spell levels left.
You knew the following spells:

 Your Spells              Type           Power      Damage    Failure   Level
a - Blink                 Tloc           24%        N/A       8%          2
b - Lesser Beckoning      Tloc           24%        N/A       8%          2
c - Teleport Other        Tloc           12%        N/A       16%         3

Your spell library contained the following spells:

 Spells                   Type           Power      Damage    Failure   Level
 Vhi's Electric Charge    Tloc/Air       14%        N/A       28%         3
 Manifold Assault         Tloc           12%        N/A       45%         4


Dungeon Overview and Level Annotations

Branches:
Dungeon (2/15)

Altars:

Annotations:
D:2 Terence


Innate Abilities, Weirdness & Mutations

You are too large for most types of armour.
You have tough skin. (AC +1)


Message History

Terence attacks as you move away! Terence hits you with a +0 falchion!
Terence disappears!
Your magical contamination has completely faded away.
Terence hits you with a +0 falchion.
Casting: Teleport Other (dangerous; 16% risk of failure)
Confirm with . or Enter, or press ? or * to list all spells.
Aiming: Teleport Other (dangerous; 16% risk of failure)
Press: ? - help, Shift-Dir - straight line, f/p - Terence
Aim: Terence, wielding a +0 falchion and wearing a +0 scale mail (chance to affect: 60%) Terence resists with significant effort.
Terence screams, "I want your blood!" Terence hits you with a +0 falchion.
Terence attacks as you move away! Terence hits you with a +0 falchion.
Terence attacks as you move away! Terence barely misses you.
Terence attacks as you move away! Terence hits you with a +0 falchion.
Casting: Teleport Other (dangerous; 16% risk of failure)
Confirm with . or Enter, or press ? or * to list all spells.
You don't have enough magic to cast this spell.
Unknown command.
Terence attacks as you move away! Terence hits you with a +0 falchion!
Casting: Teleport Other (dangerous; 16% risk of failure)
Confirm with . or Enter, or press ? or * to list all spells.
You don't have enough magic to cast this spell.
Terence attacks as you move away! Terence hits you with a +0 falchion!
Casting: Teleport Other (dangerous; 16% risk of failure)
Confirm with . or Enter, or press ? or * to list all spells.
Aiming: Teleport Other (dangerous; 16% risk of failure)
Press: ? - help, Shift-Dir - straight line, f/p - Terence
Aim: Terence, wielding a +0 falchion and wearing a +0 scale mail (chance to affect: 60%) Terence resists with significant effort.
Terence hits you with a +0 falchion.
You hit Terence.
Terence is moderately wounded.
Terence hits you with a +0 falchion!
* * * LOW HITPOINT WARNING * * *
Terence attacks as you move away! Terence hits you with a +0 falchion.
* * * LOW HITPOINT WARNING * * *
Terence attacks as you move away! Terence closely misses you.
Terence attacks as you move away! Terence hits you with a +0 falchion.
You die...

...#....#.#.## #..# ##.#######
.............###..# #...<.....
...##..........#..## #.......##
....#........#.#...# #.......##
....#........#.#.#.#####.......##
....#........#.#.#......#########
...##..........#.######..## #
.............###.# ##..# #
...###.......# #@# ##.#######
........###### #@# #........
...#############.# #..###### ...#
#..........# #...#####
...####.########## ##.......
...##...........# #######'#####.
...##...........# #...........##
................# #...........##
###.#...........# #.............


You could see Terence.

Vanquished Creatures
  3 adders (D:2)
  A dart slug (D:1)
  5 ball pythons
  4 bats
  4 endoplasms
  A giant cockroach (D:2)
  3 goblins
  3 hobgoblins
  2 jackals (D:1)
  A kobold (D:2)
  2 frilled lizards (D:1)
  A rat (D:1)
30 creatures vanquished.

Notes
Turn   | Place    | Note
-------+----------+-------------------------------------------
     0 | D:1      | Ashen the Ogre Warper began the quest for the Orb.
     0 | D:1      | Reached XP level 1. HP: 22/22 MP: 3/3
   280 | D:1      | Reached XP level 2. HP: 29/29 MP: 5/5
  1031 | D:2      | Reached XP level 3. HP: 37/37 MP: 7/7
  1096 | D:2      | Learned a level 2 spell: Blink
  1099 | D:2      | Learned a level 2 spell: Lesser Beckoning
  1103 | D:2      | Learned a level 3 spell: Teleport Other
  1448 | D:2      | Reached XP level 4. HP: 24/45 MP: 8/8
  2034 | D:2      | Noticed Terence
  2075 | D:2      | HP: 2/45 [Terence/+0 falchion (6)]
  2077 | D:2      | Slain by Terence

Illustrated notes

Levels and vault maps discovered:
D:1:      spicycebolla_arrival_ecumenical, layout_loops_corners
D:2:      layout_basic, uniq_terence

Skill      XL: |  1  2  3 |
---------------+----------+-----
Fighting       | 3 |  3.4
Maces & Flails | 2 |  2.2
Translocations | 3 |  3.1
Spellcasting   | 3 |  3.0
Throwing       | |  1.0
Dodging        | |  2.5

Action                     |  1- 3 |  4- 6 || total
---------------------------+-------+-------++-------
  Melee: Mace              |    98 |     4 ||   102
   Cast: Teleport Other    |       |     3 ||     3
 Armour: Robe              |    31 |     1 ||    32
  Dodge: Dodged            |    78 |     4 ||    82
